 Dungeon Crawl Stone Soup version 0.27-a0-538-g15ff5c5295 (webtiles) character file.

Game seed: 4119065567218954496

4 wakim the Skirmisher (level 1, 0/20 HPs)
             Began as a Minotaur Berserker on Mar 6, 2021.
             Was a Follower of Trog.
             Slain by an ooze (3 damage)
             ... on level 1 of the Dungeon.
             The game lasted 00:00:56 (119 turns).

wakim the Skirmisher (Minotaur Berserker)            Turns: 119, Time: 00:00:57

Health: 0/20       AC:  2    Str: 21    XL:     1   Next: 58%
Magic:  0/0        EV: 12    Int:  4    God:    Trog [*.....]
Gold:   7          SH:  0    Dex:  9    Spells: 0/0 levels left

rFire    . . .     SeeInvis .   a - +0 falchion
rCold    . . .     Faith    +   (no shield)
rNeg     . . .     Spirit   .   b - +0 animal skin
rPois    .         Reflect  .   (helmet restricted)
rElec    .         Harm     .   (no cloak)
rCorr    .         Rampage  .   (no gloves)
Will     .....                  (no boots)
Stlth    +.........             f - amulet of faith
HPRegen  0.06/turn              (no ring)
MPRegen  0.07/turn              (no ring)

@: no status effects
A: horns 2, retaliatory headbutt
a: Renounce Religion, Berserk


You were on level 1 of the Dungeon.
You worshipped Trog.
Trog was aware of your devotion.
You visited 1 branch of the dungeon, and saw 1 of its levels.

You collected 7 gold pieces.

Inventory:

Hand Weapons
 a - a +0 falchion (weapon)
Armour
 b - a +0 animal skin (worn)
Jewellery
 f - an amulet of faith (around neck)
Scrolls
 c - a scroll of fog {unknown}
 e - a scroll of enchant armour {unknown}
Potions
 d - a potion of degeneration {unknown}


   Skills:
 * Level 3.8 Fighting
 - Level 3.6 Long Blades
 * Level 2.7 Armour
 - Level 2.1 Dodging


You couldn't memorise any spells.
You didn't know any spells.
Your spell library was empty.

Dungeon Overview and Level Annotations

Branches:
Dungeon (1/15)

Altars:


Innate Abilities, Weirdness & Mutations

You have a pair of horns on your head.
You reflexively headbutt those who attack you in melee.


Message History

There is an open door here.
You barely miss the jackal. The jackal closely misses you.
You riposte.
You hit the jackal.
You kill the jackal!
Trog accepts your kill.
You barely miss the jackal. You headbutt the jackal.
The jackal is moderately wounded.
The jackal misses you.
You barely miss the jackal.
The jackal is moderately wounded.
The jackal barely misses you. You furiously retaliate!
You headbutt the jackal!
You kill the jackal!
Trog accepts your kill.
You slash the rat!
You kill the rat!
Trog accepts your kill.
You see here a jackal corpse.
There is an open door here.
Found a hand axe.
An ooze comes into view.
As you open the door, it creaks loudly!
A rat comes into view.
You barely miss the ooze. The ooze hits you but does no damage.
The ooze hits you.
You hit the ooze but do no damage. The ooze hits you but does no damage.
You hit the ooze.
The ooze is heavily wounded.
The ooze hits you.
You hit the ooze. Your headbutt misses the ooze.
The ooze is heavily wounded.
The ooze hits you.
* * * LOW HITPOINT WARNING * * *
You hit the ooze.
The ooze is severely wounded.
The rat barely misses you. The ooze hits you.
* * * LOW HITPOINT WARNING * * *
The rat bites you.
* * * LOW HITPOINT WARNING * * *
The rat barely misses you. The ooze hits you.
You die...

### #####+#... #.........
#.....$# #####...)..+
#..........#
############J.....######.
..........†@r.....'......
...####.####......#######
##'## #......# #...#
#......# #...# #......#
#...# #......# #...#
######## #...########
#...#.....(#


You could see an ooze and a rat.

Vanquished Creatures
  2 jackals (D:1)
  A goblin (D:1)
  2 rats (D:1)
5 creatures vanquished.

Notes
Turn   | Place    | Note
-------+----------+-------------------------------------------
     0 | D:1      | wakim the Minotaur Berserker began the quest for the Orb.
     0 | D:1      | Reached XP level 1. HP: 19/19 MP: 0/0
   119 | D:1      | Slain by an ooze

Illustrated notes

Levels and vault maps discovered:
D:1:      lemuel_arrival_rhombus, layout_basic

Action                   || total
-------------------------++-------
Melee: Falchion          ||    12
       Headbutt          ||     3
Armor: Animal skin       ||     3
Dodge: Dodged            ||     8
       Rpst.: Falchion   ||     3

Table legend: (Time is in decaauts)
 A = Elapsed time spent in this place.
 B = Non-inter-level travel time spent in this place.
 C = Inter-level travel time spent in this place.
 D = Time resting spent in this place.
 E = Time spent auto-exploring this place.
 F = Levels seen in this place.
 G = Mean time per level.
                   A        B        C        D        E       F      G
               +--------+--------+--------+--------+--------+-----+--------+
         Total |    120 |    120 |      0 |      0 |     54 |   1 |  120.0 |
       Dungeon |    120 |    120 |      0 |      0 |     54 |   1 |  120.0 |
               +--------+--------+--------+--------+--------+-----+--------+

Top non-repeatable levels by time:
     D:1: 120 daAuts
